 Dungeon Crawl Stone Soup version 0.23-a0-643-g9ccc95a (webtiles) character file.

1911 Lanoc the Covert (level 9, -5/85 HPs)
             Began as an Octopode Enchanter on Dec 31, 2018.
             Was a Follower of Jiyva.
             Slain by a hippogriff (9 damage)
             ... on level 7 of the Dungeon.
             The game lasted 00:22:16 (6170 turns).

Lanoc the Covert (Octopode Enchanter)               Turns: 6170, Time: 00:22:17

Health: -5/85      AC:  1    Str: 13    XL:     9   Next: 16%
Magic:  5/15       EV: 15    Int: 19    God:    Jiyva [*.....]
Gold:   204        SH:  0    Dex: 13    Spells: 10/16 levels left

rFire    . . .     SeeInvis .   d - +3 dagger (venom)
rCold    . . .     Gourm    .   (no shield)
rNeg     . . .     Faith    .   (helmet restricted)
rPois    .         Spirit   .   (no amulet)
rElec    .         Reflect  .   h - ring of teleportation (curse)
rCorr    .         Harm     .   (no ring)
MR       .....     Rnd*Tele +   (no ring)
Stlth    ..........             (no ring)
HPRegen  0.24/turn              (no ring)
MPRegen  0.14/turn              (no ring)
                                (no ring)
                                (no ring)

@: berserking, very quick
A: almost no armour, stealthy swim, amphibious, 8 rings, constrict 8, camouflage
1, gelatinous body 1
a: Request Jelly, Renounce Religion


You were on level 7 of the Dungeon.
You worshipped Jiyva.
Jiyva was aware of your devotion.
You were near starving.

You visited 2 branches of the dungeon, and saw 8 of its levels.
You also visited: Ossuary.

You collected 204 gold pieces.

Inventory:

Hand Weapons
 d - a +3 dagger of venom (weapon)
 e - a +2 dagger of draining
 r - the +2 spear of Qumeoc {freeze, rElec rPois Str+2 Int-3}
   (You found it on level 4 of the Dungeon)

   It has been specially enchanted to freeze those struck by it, causing extra
   injury to most foes and up to half again as much damage against particularly
   susceptible opponents.
   It can also slow down cold-blooded creatures.
   It affects your strength (+2).
   It affects your intelligence (-3).
   It insulates you from electricity.
   It protects you from poison.
Jewellery
 a - an uncursed ring of fire
 h - a cursed ring of teleportation (left tentacle)
Wands
 p - a wand of digging (2)
 s - a wand of random effects (13)
 t - a wand of acid (8)
Scrolls
 b - 3 scrolls of teleportation
 i - 2 scrolls of enchant armour
 k - a scroll of amnesia
 l - 2 scrolls of identify
 o - 3 scrolls of remove curse
 u - a scroll of enchant weapon
 w - a scroll of immolation {unknown}
Potions
 g - 3 potions of magic
 j - 3 potions of agility
 m - a potion of resistance
 n - 3 potions of flight
 q - a potion of ambrosia
Comestibles
 c - 6 rations


   Skills:
 + Level 3.6 Fighting
 * Level 5.5 Short Blades
 + Level 4.1 Dodging
 * Level 8.8 Stealth
 + Level 4.0 Spellcasting
 * Level 6.1 Hexes


You had 10 spell levels left.
You knew the following spells:

 Your Spells              Type           Power        Failure   Level  Hunger
a - Corona                Hex            ####...      1%          1    None
b - Ensorcelled Hibernat  Hex/Ice        ###...       6%          2    ##.....
c - Tukima's Dance        Hex            ####....     3%          3    ###....

Your spell library contained the following spells:

 Spells                   Type           Power        Failure   Level  Hunger
 Confuse                  Hex            ####....     3%          3    ###....
 Dazzling Spray           Conj/Hex       ###...       12%         3    ###....


Dungeon Overview and Level Annotations

Branches:
Dungeon (7/15)             Temple (1/1) D:6

Altars:
Dithmenos
Elyvilon
Gozag
Hepliaklqana
Kikubaaqudgha
Makhleb
Nemelex Xobeh
Okawaru
Sif Muna
Trog
Uskayaw
Vehumet
Wu Jian
Yredelemnul
Zin
The Shining One
Jiyva


Innate Abilities, Weirdness & Mutations

You cannot wear most types of armour.
You are very stealthy in the water. (Stealth+)
You are amphibious.
You can wear up to eight rings at the same time.
You can use your tentacles to constrict eight enemies at once.
Your skin changes colour to match your surroundings (Stealth+).
Your rubbery body absorbs attacks. (AC +1, EV +1)


Message History

The hippogriff misses you. The hippogriff pecks you!
The hippogriff barely misses you.
Casting: Ensorcelled Hibernation (safe; 6% risk of failure)
Confirm with . or Enter, or press ? or * to list all spells.
Aiming: Ensorcelled Hibernation (safe; 6% risk of failure)
Press: ? - help, Shift-Dir - straight line, f/p - hippogriff
Aim: a hippogriff (lightly wounded, chance to defeat MR: 41%)
The hippogriff resists with some effort.
The hippogriff bites you!
* * * LOW HITPOINT WARNING * * *
The hippogriff pecks you.
* * * LOW HITPOINT WARNING * * *
The hippogriff claws you.
* * * LOW HITPOINT WARNING * * *
A red film seems to cover your vision as you go berserk!
You feel yourself moving faster!
You feel mighty!
You hear a distant slurping noise.
Jiyva appreciates your sacrifice. The hippogriff bites you!
You die...

.....#.#..# #.#
#.#########.#
##.#......# #.# #.# #.#
##.....##.###.# #.# #.#
..............###.# #.#
.########.##......#
###.### ## #.#.....#.#
#.....# #.........#
####.....# #.........#
#.<..>...# #.......@.#
#.##.....#
#.......H.####.##.....#
##........#...........#
##.....#.#.##.##.##..#
##...##.#.##.##.##..#
...... .#.##..<.....#
...... .#.#####.###.#
...... .#.......# #.#
#..###### #.#


You could see a hippogriff.

Vanquished Creatures
  Sigmund (D:2)
  An orc warrior (D:5)
  An ogre (D:6)
  2 centaurs (D:5)
  2 scorpions
  3 killer bees (D:7)
  3 crimson imps
  A bullfrog zombie (D:7)
  A centaur zombie (D:5)
  3 hounds
  4 jellies
  3 orc priests
  2 orc wizards (D:4)
  Terence (D:2)
  Natasha (twice) (D:2)
  An iguana (D:5)
  2 worker ants
  8 big kobold zombies (Ossuary)
  A hound skeleton (D:4)
  A mummy (Ossuary)
  A worker ant zombie (D:6)
  11 adders
  7 gnolls
  2 shadow imps (D:5)
  2 oozes (D:2)
  An adder skeleton (D:5)
  2 worms (D:2)
  2 dart slugs (D:2)
  6 leopard geckos
  17 orcs
  2 spectral bats (Ossuary)
  3 ball pythons
  5 giant cockroaches
  4 gnoll zombies (Ossuary)
  2 hobgoblins
  3 jackals (D:1)
  A quokka (D:2)
  11 bats
  A bat simulacrum (Ossuary)
  6 frilled lizards
  5 goblins
  6 goblin simulacra (Ossuary)
  6 goblin zombies (Ossuary)
  2 hobgoblin zombies (Ossuary)
  5 kobolds
  2 kobold zombies (Ossuary)
  8 orc zombies (Ossuary)
  A quokka skeleton (D:3)
  7 rats
  3 rat simulacra (Ossuary)
  A spectral goblin (Ossuary)
  3 spectral kobolds (Ossuary)
  3 spectral rats (Ossuary)
184 creatures vanquished.

Vanquished Creatures (others)
  A bullfrog (D:6)
  4 jellies
  An orc wizard (D:6)
  An adder (D:7)
  3 orcs (D:6)
10 creatures vanquished.

Grand Total: 194 creatures vanquished

Notes
Turn   | Place    | Note
-------+----------+-------------------------------------------
     0 | D:1      | Lanoc the Octopode Enchanter began the quest for the Orb.
     0 | D:1      | Reached XP level 1. HP: 11/11 MP: 3/3
    76 | D:1      | Reached XP level 2. HP: 12/17 MP: 5/5
    80 | D:1      | Learned a level 2 spell: Ensorcelled Hibernation
   526 | D:1      | Reached XP level 3. HP: 19/22 MP: 6/6
   617 | D:2      | Noticed Sigmund
   873 | D:2      | Reached XP level 4. HP: 15/27 MP: 7/7
   874 | D:2      | Found an iron altar of Okawaru.
   874 | D:2      | Noticed Terence
   893 | D:2      | Killed Sigmund
   893 | D:2      | Reached skill level 1 in Fighting
   893 | D:2      | Reached skill level 5 in Stealth
   893 | D:2      | Reached XP level 5. HP: 15/33 MP: 3/8
  1098 | D:2      | Found an opulent altar of Gozag.
  1099 | D:2      | Found a glowing silver altar of Zin.
  1143 | D:2      | Reached XP level 6. HP: 38/38 MP: 9/9
  1205 | D:2      | Learned a level 3 spell: Tukima's Dance
  1447 | D:2      | Killed Terence
  1570 | D:2      | Found a glowing golden altar of the Shining One.
  1677 | D:2      | Noticed Natasha
  1683 | D:2      | Killed Natasha
  1733 | D:2      | Noticed Natasha
  1743 | D:2      | Killed Natasha
  1743 | D:2      | Reached skill level 6 in Stealth
  1800 | D:3      | Found a white marble altar of Elyvilon.
  2256 | D:3      | Found a deep blue altar of Sif Muna.
  2381 | D:4      | Reached XP level 7. HP: 40/45 MP: 11/11
  2997 | D:4      | Found a sparkling altar of Nemelex Xobeh.
  3596 | D:5      | Entered Level 5 of the Dungeon
  3648 | D:5      | Reached skill level 7 in Stealth
  3648 | D:5      | Reached skill level 5 in Hexes
  3648 | D:5      | Reached XP level 8. HP: 48/51 MP: 12/12
  3757 | D:5      | Found a sand-covered staircase.
  3779 | Ossuary  | Entered an ossuary
  4394 | D:5      | Reached skill level 8 in Stealth
  4545 | D:4      | Got a steaming spear
  4546 | D:4      | Identified the +2 spear of Qumeoc {freeze, rElec rPois
                  | Str+2 Int-3} (You found it on level 4 of the Dungeon)
  4594 | D:5      | Reached skill level 5 in Short Blades
  5313 | D:6      | Found a staircase to the Ecumenical Temple.
  5317 | Temple   | Entered the Ecumenical Temple
  5437 | Temple   | Became a worshipper of Jiyva Jeunum the Shapeless
  5515 | D:6      | Reached XP level 9. HP: 51/57 MP: 14/14
  5583 | D:1      | Reached * piety under Jiyva
  6170 | D:7      | Slain by a hippogriff

Vault maps used:
D:1:      dpeg_arrival_lava_temple_mockup
D:2:      grunt_temple_overflow_gold_and_silver, marbit_many_paths,
          first_ration, okawaru_metal_pillars_1_2, uniq_sigmund, uniq_terence,
          uniq_natasha
D:3:      led_sif_pool, lemuel_doored_altar, minmay_misc_feat_secret_circle
D:4:      kennysheep_little_box, hangedman_glass_teeth, st_stairs_5
D:5:      minmay_angry_zag, nicolae_ossuary_entry_false_entrances
D:6:      minmay_temple_entry_trees, grunt_decor_cap,
          hangedman_abyss_or_decor_passed, chequers_garden
D:7:      the_bakery, grunt_ministairs_13
Temple:   pf_slime_end_temple
Ossuary:  ossuary_zaba_two_paths

Skill      XL: |  1  2  3  4  5  6  7  8  9 |
---------------+----------------------------+-----
Fighting       | 1 2 3 |  3.6
Short Blades   | 2 3 4 5 |  5.5
Stealth        | 5 6 7 8 |  8.8
Hexes          | 4 5 6 |  6.1
Dodging        | 3 4 |  4.1
Spellcasting   | 3 4 |  4.0

Action                   |  1- 3 |  4- 6 |  7- 9 || total
-------------------------+-------+-------+-------++-------
Melee: Dagger            |    48 |    72 |   247 ||   367
       Constrict         |    13 |     9 |    47 ||    69
       Tentacles         |    10 |     9 |    41 ||    60
 Cast: Ensorcelled Hiber |     1 |    11 |    30 ||    42
       Tukima's Dance    |       |       |     2 ||     2
  Use: Scroll            |       |    10 |     5 ||    15
       Potion            |       |       |     9 ||     9
 Stab: Sleeping          |     8 |    29 |    48 ||    85
  Eat: Chunk             |       |     5 |     8 ||    13
       Ration            |       |       |     1 ||     1
Armor: Skin              |     6 |     4 |     8 ||    18
Dodge: Dodged            |    46 |    29 |   132 ||   207

Table legend:
 A = Non-vault XP
 B = Vault XP
 C = Vault XP percentage of total XP
 D = Non-vault monster count
 E = Vault monster count
 F = Vault count percentage of total count
                 A         B        C        D         E       F
            +---------+---------+-------+---------+---------+-------
      Total |    2052 |     679 |  24.9 |     124 |      60 |  32.6
            +---------+---------+-------+---------+---------+-------
        D:1 |      47 |       0 |   0.0 |      22 |       0 |   0.0
        D:2 |     175 |     292 |  62.5 |      32 |       4 |  11.1
        D:3 |      75 |       0 |   0.0 |      12 |       0 |   0.0
        D:4 |     376 |       3 |   0.8 |      22 |       2 |   8.3
        D:5 |     904 |      59 |   6.1 |      24 |       3 |  11.1
        D:6 |     282 |       0 |   0.0 |       9 |       0 |   0.0
        D:7 |     193 |      47 |  19.6 |       3 |       1 |  25.0
    Ossuary |       0 |     278 | 100.0 |       0 |      50 | 100.0
            +---------+---------+-------+---------+---------+-------
